Map: Kairos Junction LE

Players

prometheus

  • Race: Terran Terran
  • League: Platinum
  • Spawn Location: 5:00

Mesrob - Winner!

  • Race: Terran Terran
  • League: Gold
  • Spawn Location: 11:00

VOD

Have the link to the VOD?

Description

Time

  • Played on: Jan. 16, 2019, 11:20 p.m.
  • Length: 8:01
Show
View Real Time Build Order
Export as new Build Order

prometheus Terran 

Build Orders:  

Get SALT Encoding   

  12  0:01  SCV  
  13  0:13  SCV  
  14  0:18  Supply Depot  
  14  0:25  SCV  
  15  0:40  SCV  
  15  0:41  Barracks  
  16  0:50  Refinery  
  16  0:52  SCV  
  17  1:04  SCV  
  18  1:10  Supply Depot  
  18  1:18  SCV  
  19  1:31  Orbital Command  
  19  1:36  Marine  
  20  2:00  Factory  
  20  2:08  SCV  
  20  2:10  Barracks Tech Lab  
  20  2:14  Command Center  
  21  2:20  SCV  
  21  2:21  Refinery  
  21  2:32  SCV  
  22  2:52  Marine  
  22  2:54  Siege Tank  
  26  3:04  Barracks  
  26  3:07  Barracks  
  26  3:08  Barracks  
  26  3:17  Engineering Bay  
  26  3:23  Engineering Bay  
  26  3:24  SCV  
  27  3:40  SCV  
  31  3:41  Siege Tank  
  31  3:49  Marine  
  32  3:55  Orbital Command  
  32  3:59  SCV  
  33  4:07  Marine x3  
  36  4:14  SCV  
  37  4:28  SCV x2  
  39  4:38  Barracks Reactor x2  
  39  4:39  Barracks Tech Lab x2  
  39  4:40  SCV  
  39  4:41  Siege Tank  
  39  4:43  SCV  
  44  4:45  Terran Infantry Weapons Level 1  
  44  4:46  Terran Infantry Armor Level 1  
  44  4:52  SCV  
  45  4:55  SCV  
  46  5:09  Supply Depot  
  46  5:11  Supply Depot  
  46  5:15  Supply Depot  
  46  5:30  Marine x2, Marauder, Siege Tank, SCV  
  46  5:32  Marine x2, Supply Depot, SCV  
  46  5:33  Marauder  
  59  5:42  SCV  
  60  5:44  SCV  
  60  5:48  Marine x2  
  63  5:50  Marine x2  
  63  5:52  Marauder, Supply Depot  
  63  5:54  Marauder, SCV  
  63  5:57  SCV  
  71  6:10  Supply Depot  
  71  6:11  Supply Depot  
  71  6:24  Marine  
  71  6:25  Marine x5  
  77  6:42  Marine  
  77  6:43  Marine x5  
  83  7:00  Marine  
  22  7:33  Marine x5  
Show
View Real Time Build Order
Export as new Build Order

Mesrob Terran - Winner!

Build Orders: Mech 

Get SALT Encoding   

  12  0:00  SCV  
  13  0:12  SCV  
  14  0:22  Supply Depot  
  14  0:24  SCV  
  15  0:43  SCV  
  15  0:44  Barracks  
  15  0:49  Refinery  
  16  0:55  SCV  
  17  1:08  SCV  
  18  1:20  SCV  
  19  1:32  Orbital Command  
  19  1:41  Marine, Command Center  
  20  1:57  Bunker  
  20  1:59  SCV  
  21  2:08  Barracks Tech Lab  
  21  2:09  Factory  
  21  2:11  SCV  
  22  2:29  Supply Depot  
  22  2:42  Refinery  
  22  2:45  Engineering Bay  
  22  2:46  SCV  
  23  2:52  Supply Depot  
  23  2:55  Orbital Command  
  23  2:58  SCV  
  24  3:05  Siege Tank  
  27  3:10  SCV  
  27  3:12  Supply Depot  
  28  3:22  SCV  
  28  3:24  Marine  
  30  3:27  SCV  
  31  3:34  SCV  
  31  3:37  Siege Tank  
  31  3:39  SCV  
  36  3:46  Missile Turret, SCV  
  37  3:53  Missile Turret  
  37  3:54  SCV  
  38  4:07  Missile Turret  
  38  4:09  Siege Tank  
  41  4:12  Marine  
  42  4:20  Missile Turret  
  42  4:22  SCV  
  43  4:30  Refinery  
  43  4:36  Missile Turret  
  43  4:41  Siege Tank  
  43  4:45  Command Center  
  46  5:00  Missile Turret  
  46  5:02  Armory  
  46  5:13  Supply Depot  
  46  5:23  Missile Turret  
  46  5:28  Factory  
  46  5:31  Factory  
  46  5:35  Refinery  
  46  5:36  Supply Depot, SCV  
  47  5:45  Missile Turret  
  47  5:48  SCV  
  48  5:53  SCV  
  49  5:58  Supply Depot  
  49  6:12  Thor  
  49  6:13  Factory Reactor  
  49  6:14  Sensor Tower  
  49  6:15  Factory Reactor  
  55  6:20  Factory  
  55  6:22  Supply Depot  
  55  6:23  SCV  
  56  6:30  SCV  
  57  6:35  SCV  
  58  6:43  SCV  
  58  6:45  Planetary Fortress  
  58  6:46  Supply Depot  
  59  6:47  SCV  
  60  6:55  SCV  
  60  6:59  Hellbat, SCV  
  60  7:00  Hellbat x3, Thor  
  76  7:07  SCV  
  71  7:10  Supply Depot  
  71  7:11  SCV  
  65  7:19  SCV  
  47  7:34  SCV x2  
  44  7:44  Factory Reactor  
  44  7:46  SCV x2  
Tags
 
Composition
Mech
Matchup
TvT
Race
Terran
Replay Pack
sc2 replays
Spawn Locations
Cross Positions
Add a new tag
Caveats
  • Supply blocks, unpowered buildings, or Contaminate may cause inaccurate times.
  • Supply counts are checked every 10 seconds.